 Dungeon Crawl Stone Soup version 0.31-a0-1370-gf52a5a9ab3 (webtiles) character file.

Game seed: 13908955981765801725

693 grandjackal the Ducker (level 7, -1/54 HPs)
             Began as a Demonspawn Gladiator on Dec 24, 2023.
             Was a Follower of Makhleb.
             Killed from afar by Maggie (30 damage)
             ... with a bolt of fire
             ... on level 6 of the Dungeon.
             The game lasted 00:02:53 (3397 turns).

grandjackal the Ducker (Demonspawn Gladiator)       Turns: 3397, Time: 00:02:53

Health: -1/54      AC: 11    Str: 15    XL:     7   Next: 37%
Magic:  9/9        EV: 11    Int:  8    God:    Makhleb [*.....]
Gold:   231        SH:  0    Dex: 16    Spells: 6/6 levels left

rFire   . . .        a - +0 long sword
rCold   . . .        (no shield)
rNeg    . . .        l - +0 scale mail
rPois   .            c - +0 helmet
rElec   .            (no cloak)
rCorr   .            j - +0 pair of gloves
SInv    .            (no boots)
Will    .....        (no amulet) Stlth
                     (no ring)
HPRegen 0.29/turn    (no ring)
MPRegen 0.11/turn

%: no passive effects
@: no status effects
A: icy blue scales 2, foul stench 1, spiny 2
a: Renounce Religion


You were on level 6 of the Dungeon.
You worshipped Makhleb.
Makhleb was aware of your devotion.
You visited 1 branch of the dungeon, and saw 5 of its levels.

You collected 231 gold pieces.

Inventory:

Hand Weapons
 a - a +0 long sword (weapon)
Missiles
 d - 4 throwing nets (quivered)
 e - a javelin
Armour
 c - a +0 helmet (worn)
 j - a +0 pair of gloves (worn)
 l - a +0 scale mail (worn)
Jewellery
 h - an amulet of reflection
Wands
 n - a wand of mindburst (16)
 w - a wand of flame (51)
Scrolls
 b - a scroll of torment {unknown}
 m - a scroll of acquirement {unknown}
 o - a scroll of noise {unknown}
 q - 2 scrolls of silence {unknown}
 s - a scroll of enchant weapon {unknown}
 t - 2 scrolls of identify {unknown}
 u - 2 scrolls of teleportation {unknown}
 v - a scroll of enchant armour {unknown}
 x - 2 scrolls of blinking {unknown}
Potions
 f - a potion of heal wounds {unknown}
 g - a potion of mutation {unknown}
 i - a potion of experience {unknown}
 k - a potion of attraction {unknown}
 p - 2 potions of curing {unknown}
 r - 2 potions of haste {unknown}


   Skills:
 + Level 4.2 Fighting
 + Level 4.4 Long Blades
 - Level 3.3 Throwing
 + Level 4.4 Dodging
 + Level 3.7 Invocations


You had 6 spell levels left.
You didn't know any spells.
Your spell library contained the following spells:

 Spells                   Type           Power      Damage    Failure   Level
 Apportation              Tloc           0%         N/A       88%         1
 Necrotise                Necr           0%         1d4       88%         1
 Sting                    Conj/Alch      0%         1d3       88%         1
 Summon Small Mammal      Summ           0%         N/A       88%         1
 Hailstorm                Conj/Ice       0%         3d5       99%         3
 Summon Ice Beast         Ice/Summ       0%         N/A       100%        4
 Simulacrum               Ice/Necr       0%         N/A       100%        6


Dungeon Overview and Level Annotations

Branches:
Dungeon (4/15)
 Temple: D:4-7

Altars:
Dithmenos
Makhleb

Annotations:
D:6 Maggie


Innate Abilities, Weirdness & Mutations

You are mostly covered in icy blue scales. (AC +3)
You may rarely emit foul miasma when damaged in melee.
You are mostly covered in sharp spines.


Message History

The phantom hits you but does no damage.
Unknown command.
You closely miss the phantom.
The phantom is severely damaged.
The phantom closely misses you.
You hit the phantom.
The phantom is almost destroyed.
The phantom is struck by your spines. The phantom barely misses you.
You hit the phantom.
You destroy the phantom!
Makhleb accepts your kill.
Unknown command.
No target in view!
You start resting.
HP restored.
You see here a +0 giant spiked club.
Maggie the Vainglorious comes into view.
She is wielding a +2 glaive of flaming.
Maggie is nearby!
Maggie is nearby!
Maggie shouts!
Maggie casts a spell.
Maggie attempts to bespell you!
You are mesmerised by Maggie!
You cannot move away from Maggie!
You cannot move away from Maggie!
Maggie mumbles some strange words.
Maggie draws you further into her thrall.
You break out of your daze!
Maggie misses you. Maggie casts a spell at you. The bolt of fire hits you!
You barely miss Maggie. Maggie is struck by your spines.
Maggie hits you with a +2 glaive of flaming!
Maggie burns you.
You closely miss Maggie.
Maggie is lightly wounded.
Maggie casts a spell at you. The bolt of fire hits you!!
Ouch! That really hurt!
You die...

............#
............#
............#
............#
.#######....#
......#....#
......#....#
........##.#
.......@# ...
.......@#
.....
.......##
.......
.......
.......
.#.#...
.......
#.....
.......
#..... ##....


You could see Maggie.

Vanquished Creatures
  Sigmund (D:3)
  An ogre (D:6)
  A phantom (D:6)
  2 scorpions (D:6)
  A hound (D:4)
  2 jellies (D:6)
  Ijyb (D:3)
  Terence (D:2)
  3 gnolls (D:3)
  3 adders
  2 ufetubi (D:3)
  A worm (D:2)
  2 orcs
  A ball python (D:3)
  6 bats
  8 endoplasms
  A giant cockroach (D:3)
  13 goblins
  7 hobgoblins
  A quokka (D:1)
  A frilled lizard (D:1)
  5 kobolds
  2 rats (D:2)
66 creatures vanquished.

Notes
Turn   | Place    | Note
-------+----------+-------------------------------------------
     0 | D:1      | grandjackal the Demonspawn Gladiator began the quest for
                  | the Orb.
     0 | D:1      | Reached XP level 1. HP: 16/16 MP: 1/1
   155 | D:1      | Gained mutation: You are partially covered in icy blue
                  | scales. (AC +2) [demonic ancestry]
   155 | D:1      | Reached XP level 2. HP: 8/22 MP: 2/2
   666 | D:2      | Reached XP level 3. HP: 26/28 MP: 3/3
  1657 | D:2      | Noticed Terence
  1670 | D:2      | Killed Terence
  1671 | D:2      | Gained mutation: You are mostly covered in icy blue scales.
                  | (AC +3) [demonic ancestry]
  1671 | D:2      | Reached XP level 4. HP: 18/34 MP: 4/4
  2312 | D:3      | Found a burning altar of Makhleb.
  2354 | D:3      | Became a worshipper of Makhleb the Destroyer
  2363 | D:3      | Found a shadowy altar of Dithmenos.
  2385 | D:3      | Gained mutation: You are partially covered in sharp spines.
                  | [demonic ancestry]
  2385 | D:3      | Reached XP level 5. HP: 33/41 MP: 5/5
  2547 | D:3      | Noticed Ijyb
  2560 | D:3      | Killed Ijyb
  2849 | D:3      | Noticed Sigmund
  2870 | D:3      | Killed Sigmund
  2871 | D:3      | Gained mutation: You are mostly covered in sharp spines.
                  | [demonic ancestry]
  2871 | D:3      | Reached XP level 6. HP: 4/47 MP: 5/7
  3245 | D:4      | You fall into a shaft and drop 2 floors!
  3305 | D:6      | Gained mutation: You may rarely emit foul miasma when
                  | damaged in melee. [demonic ancestry]
  3305 | D:6      | Reached XP level 7. HP: 49/54 MP: 9/9
  3308 | D:6      | Reached * piety under Makhleb
  3389 | D:6      | Noticed Maggie
  3397 | D:6      | Killed from afar by Maggie

Illustrated notes

Levels and vault maps discovered:
D:1:      dpeg_arrival_simpleton_c, layout_rooms, serial_aquarium,
          aquarium_bridge_square [aquarium_subvault_window,
          aquarium_subvault_bridge, aquarium_subvault_bridge,
          aquarium_subvault_bridge], aquarium_bridge_straight
          [aquarium_subvault_bridge, aquarium_subvault_wall,
          aquarium_subvault_bridge, aquarium_subvault_wall],
          aquarium_window_fake, aquarium_window_1, aquarium_window_fake,
          aquarium_window_1, aquarium_view_2f, aquarium_balcony_3b
D:2:      layout_basic, chequers_serial_rivers_micro_c,
          kennysheep_generic_room_9, uniq_terence
D:3:      kennysheep_the_goblin_king, layout_loops_ring,
          nicolae_overflow_crystal_walls, mainiacjoe_overflow_cross_hatched,
          mainiacjoe_overflow_paths, mainiacjoe_overflow_small_starburst,
          uniq_sigmund
D:4:      layout_rooms, mainiacjoe_overflow_alcove_1,
          nemelex_diamond_rough_becter
D:6:      layout_basic, mainiacjoe_overflow_concentric_impassable,
          lemuel_coloured_pillars_altar, uniq_crazy_yiuf_cottage, uniq_maggie,
          uniq_grinder

Skill      XL: |  1  2  3  4  5  6 |
---------------+-------------------+-----
Throwing       | 2 3 |  3.3
Long Blades    | 3 4 |  4.4
Dodging        | 3 4 |  4.4
Fighting       | 3 4 |  4.2
Invocations    | 2 3 |  3.7

Action                     |  1- 3 |  4- 6 |  7- 9 || total
---------------------------+-------+-------+-------++-------
  Melee: Long sword        |   104 |   101 |    11 ||   216
         Punch             |     1 |     2 |       ||     3
   Stab: Sleeping          |     1 |       |       ||     1
 Armour: Leather armour    |    42 |       |       ||    42
         Scale mail        |    42 |    95 |     8 ||   145
  Dodge: Dodged            |    78 |    52 |     5 ||   135

Table legend: (Time is in decaauts)
 A = Elapsed time spent in this place.
 B = Non-inter-level travel time spent in this place.
 C = Inter-level travel time spent in this place.
 D = Time resting spent in this place.
 E = Time spent auto-exploring this place.
 F = Levels seen in this place.
 G = Mean time per level.
                   A        B        C        D        E       F      G
               +--------+--------+--------+--------+--------+-----+--------+
         Total |   3449 |   3307 |    142 |    521 |   2253 |   5 |  689.8 |
       Dungeon |   3449 |   3307 |    142 |    521 |   2253 |   5 |  689.8 |
               +--------+--------+--------+--------+--------+-----+--------+

Top non-repeatable levels by time:
     D:2: 1531 daAuts
     D:3: 1120 daAuts
     D:1: 565 daAuts
     D:6: 155 daAuts
     D:4: 77 daAuts
